AoeStats
← UWU

Arena

507582227Analyzed
4v4 RM · 12d ago on Sep 18, 2026· 44m 33s· 8 players
Game mode
Random Map
Map size
Large (8 player)
Population
200
Speed
Normal
Resources
Standard
Victory
Conquest
Starting age
Dark Age
Ending age
Imperial Age
RankedLock teamsTeams togetherTeam positionsShared explorationLock speedFull tech treeHidden civsTurbo modeCheats
Victory
Defeat
🇧🇩 Britons · Bangladesh
958
+12
🇦🇷 Huns · Argentina
956
+12
🇦🇷 Turks · Argentina
905
+14
🇦🇷 Huns · Argentina
877
+15
🇺🇸 Franks · United States
891
-14
🇦🇷 Italians · Argentina
867
-13
🇧🇷 Teutons · Brazil
861
-13
🇨🇿 Teutons · Czechia
847
-13
UWU
6:00 Loom
10:22 Feudal Age
11:47 Double-Bit Axe
19:22 Castle Age
18:02 Town Watch
23:24 Pikeman
37:05 Imperial Age
35:15 Wheelbarrow
34:23 Horse Collar
34:35 Gold Mining
34:36 Stone Mining
34:57 Bow Saw
38:29 Heavy Scorpion
40:12 Chemistry
39:40 Conscription
40:36 Hand Cart
41:24 Two-Man Saw
40:38 Capped Ram
42:45 Forging
wild
0:26 Loom
11:23 Feudal Age
16:14 Castle Age
25:04 Fletching
25:53 Wheelbarrow
29:03 Town Watch
29:32 Double-Bit Axe
33:22 Stone Mining
33:23 Gold Mining
34:53 Husbandry
38:11 Imperial Age
36:33 Gold Shaft Mining
37:02 Forging
36:58 Scale Barding Armor
36:49 Bodkin Arrow
38:21 Cavalier
39:41 Iron Casting
41:02 Bow Saw
43:51 Chain Barding Armor
45:02 Conscription
Branks
3:48 Loom
6:43 Loom
13:05 Feudal Age
13:43 Horse Collar
13:51 Double-Bit Axe
18:56 Castle Age
17:29 Town Watch
18:20 Wheelbarrow
20:00 Pikeman
21:54 Heavy Plow
23:08 Bow Saw
24:20 Squires
29:44 Imperial Age
27:24 Scale Mail Armor
30:01 Ironclad
30:14 Fletching
30:40 Chain Mail Armor
30:26 Padded Archer Armor
30:37 Forging
31:34 Conscription
32:41 Town Patrol
34:12 Bodkin Arrow
37:35 Plate Mail Armor
37:30 Ballistics
40:50 Chemistry
40:01 Masonry
40:30 Iron Casting
40:10 Leather Archer Armor
39:59 Halberdier
41:53 Hand Cart
43:05 Two-Man Saw
43:24 Elite Skirmisher
45:05 Scale Barding Armor
Rodri
10:43 Feudal Age
11:43 Double-Bit Axe
13:06 Wheelbarrow
13:29 Horse Collar
18:42 Castle Age
17:08 Stone Mining
18:36 Gold Mining
20:12 Bow Saw
20:10 Town Watch
20:33 Heavy Plow
22:55 Elite Skirmisher
25:17 Hand Cart
25:29 Treadmill Crane
25:45 Murder Holes
26:39 Padded Archer Armor
26:30 Fletching
27:16 Ballistics
29:30 Leather Archer Armor
30:50 Heated Shot
35:24 Imperial Age
35:28 Fortified Wall
37:09 Chemistry
Dog
9:29 Loom
11:47 Feudal Age
12:23 Double-Bit Axe
13:37 Wheelbarrow
19:38 Castle Age
17:49 Horse Collar
18:34 Gold Mining
20:16 Town Watch
22:43 Hand Cart
23:31 Bloodlines
24:48 Bow Saw
24:48 Husbandry
26:04 Heavy Plow
31:45 Gold Shaft Mining
31:00 Stone Mining
37:34 Ballistics
41:51 Imperial Age
Greed
10:57 Feudal Age
16:46 Castle Age
15:39 Double-Bit Axe
16:04 Horse Collar
16:45 Gold Mining
16:54 Stone Mining
28:13 Bloodlines
28:03 Husbandry
29:51 Bow Saw
32:37 Imperial Age
30:19 Heavy Plow
32:01 Wheelbarrow
32:31 Marauders
34:42 Two-Man Saw
34:39 Cavalier
38:27 Scale Mail Armor
38:33 Scale Barding Armor
38:42 Forging
38:50 Paladin
41:30 Hand Cart
44:49 Padded Archer Armor
45:11 Chain Barding Armor
45:27 Iron Casting
FateStroke
10:20 Feudal Age
15:13 Castle Age
13:44 Padded Archer Armor
14:25 Fletching
16:47 Loom
16:54 Double-Bit Axe
17:52 Crossbowman
22:06 Leather Archer Armor
21:47 Bodkin Arrow
26:59 Town Watch
29:07 Wheelbarrow
35:13 Imperial Age
33:36 Bodkin Arrow
35:54 Hand Cart
36:28 Town Patrol
37:08 Ring Archer Armor
39:57 Arbalester
42:35 Chemistry
41:55 Ballistics
44:20 Bracer
Lord Wrath
10:48 Feudal Age
16:06 Castle Age
18:43 Forging
22:32 Iron Casting
22:21 Bloodlines
22:52 Scale Barding Armor
23:04 Husbandry
24:09 Horse Collar
24:36 Double-Bit Axe
26:28 Chain Barding Armor
30:12 Wheelbarrow
37:39 Imperial Age
36:41 Gold Mining
36:43 Stone Mining
38:24 Hand Cart
37:47 Cavalier
39:05 Plate Barding Armor
Connection lost

Rejoining the realm…

Still unreachable

The connection could not be restored.

Session expired

The server has moved on; the page needs a fresh start.